[Event "ICC tourney 2541 (3 2)"]
[Site "Internet Chess Club"]
[Date "2021.04.30"]
[Round "6"]
[White "MARKOVIC, GORAN:Goran21"]
[Black "LEVIN, EVGENY A:Assured"]
[Result "0-1"]
[ICCResult "White resigns"]
[WhiteElo "1995"]
[BlackElo "2586"]
[Opening "English: Mikenas-Carls, Flohr variation"]
[ECO "A18"]
[NIC "EO.57"]
[Time "21:16:30"]
[PlyCount "110"]
[TimeControl "180+2"]

1. c4 Nf6 2. Nc3 e6 3. e4 d5 4. e5 d4 5. exf6 dxc3 6. fxg7 cxd2+ 7. Bxd2
Bxg7 8. Qc2 Nc6 9. Nf3 a5 10. a3 Qe7 11. O-O-O Bd7 12. Bg5 Bf6 13. Bh6
O-O-O 14. Bd3 Nd4 15. Nxd4 Bxd4 16. Be4 Qc5 17. Rd2 e5 18. Bg5 Rde8 19.
Rhd1 Bc6 20. Bxc6 Qxc6 21. f3 Qg6 22. Qxg6 hxg6 23. h3 f5 24. Kc2 a4 25. f4
Be3 26. Rd7 Bxf4 27. Bf6 Rhf8 28. Bg7 Rd8 29. Re7 Rxd1 30. Kxd1 Rd8+ 31.
Ke1 e4 32. Bc3 Rd3 33. Re6 Rd6 34. Re8+ Kd7 35. Ra8 Ra6 36. Rg8 Rc6 37. g4
Bg3+ 38. Kf1 f4 39. Be5 Rxc4 40. Bc3 Rc6 41. Kg2 Re6 42. Rg7+ Kc6 43. h4
Bxh4 44. Kh3 Bg5 45. Rf7 f3 46. Kg3 Be7 47. Rh7 g5 48. Rh1 Bd6+ 49. Kf2
Bc5+ 50. Kg3 f2 51. Kg2 e3 52. Rc1 e2 53. Bd4 f1=Q+ 54. Rxf1 exf1=Q+ 55.
Kxf1 Bxd4 { White resigns } 0-1

[Event "ICC tourney 2541 (3 2)"]
[Site "Internet Chess Club"]
[Date "2021.04.30"]
[Round "6"]
[White "ZILBERMINTZ, LEV:chessrex"]
[Black "CALVELO, JELVIS ARANDELA:JelvisCalvelo04"]
[Result "0-1"]
[ICCResult "White checkmated"]
[WhiteElo "1855"]
[BlackElo "2081"]
[Opening "Paleface attack"]
[ECO "A45"]
[NIC "QP.07"]
[Time "21:16:24"]
[PlyCount "174"]
[TimeControl "180+2"]

1. d4 Nf6 2. f3 c5 3. d5 e6 4. e4 exd5 5. exd5 Bd6 6. Be3 b6 7. Bf2 Bb7 8.
c4 O-O 9. Nh3 Re8+ 10. Be2 Qe7 11. Nc3 b5 12. cxb5 a6 13. O-O axb5 14. Bxb5
Qd8 15. Re1 Rxe1+ 16. Qxe1 Na6 17. a3 Nc7 18. Bc4 Rb8 19. Rd1 Ba8 20. Qd2
h6 21. Ne4 Nxe4 22. fxe4 Be5 23. b3 d6 24. a4 Ne8 25. Kh1 Nf6 26. Qe2 Bb7
27. Ng1 Bc8 28. Nf3 Bg4 29. Qd3 Bxf3 30. Qxf3 Qa5 31. Be1 Qd8 32. Bd2 Qd7
33. Rf1 Rf8 34. a5 Ng4 35. g3 Nf6 36. Kg2 Bd4 37. a6 Ng4 38. h3 Ne5 39. Qe2
Nxc4 40. Qxc4 Rb8 41. b4 Qa7 42. bxc5 Bxc5 43. Bc3 Rb6 44. Ra1 Rb8 45. e5
dxe5 46. Bxe5 Re8 47. Bc3 Re3 48. Ra2 Qc7 49. Be1 Rxe1 50. a7 Rg1+ 51. Kf3
Qxg3+ 52. Ke2 Re1+ 53. Kd2 Qe3+ 54. Kc2 Rc1+ 55. Kb2 Qd2+ 56. Kb3 Rb1+ 57.
Ka4 Rb4+ 58. Ka5 Rxc4+ 59. Rxd2 Bxa7 60. d6 Bb8 61. d7 Bc7+ 62. Kb5 Rc3 63.
d8=Q+ Bxd8 64. Rxd8+ Kh7 65. h4 Rg3 66. Rd4 h5 67. Kc4 Rg4 68. Kd3 Rxd4+
69. Kxd4 Kg6 70. Ke5 f6+ 71. Kf4 Kf7 72. Kf5 g6+ 73. Kf4 Ke6 74. Ke4 g5 75.
hxg5 fxg5 76. Kf3 Kf5 77. Kg3 Ke4 78. Kf2 Kf4 79. Kg2 Kg4 80. Kh2 Kf3 81.
Kh3 g4+ 82. Kh2 Kf2 83. Kh1 h4 84. Kh2 g3+ 85. Kh1 g2+ 86. Kh2 g1=Q+ 87.
Kh3 Qg3# { White checkmated } 0-1

[Event "ICC tourney 2541 (3 2)"]
[Site "Internet Chess Club"]
[Date "2021.04.30"]
[Round "6"]
[White "palani, mohnishkirupaa:chesswarriors12"]
[Black "SLADE, THEODORE LUKE:MrNormalName"]
[Result "0-1"]
[ICCResult "White forfeits on time"]
[WhiteElo "1347"]
[BlackElo "2170"]
[Opening "Queen's bishop game"]
[ECO "A45"]
[NIC "QP.07"]
[Time "21:16:58"]
[PlyCount "102"]
[TimeControl "180+2"]

1. d4 Nf6 2. Bf4 d5 3. Nf3 c5 4. e3 Nc6 5. c3 Qb6 6. b3 Bg4 7. Be2 e6 8. h3
Bh5 9. O-O Be7 10. Nbd2 O-O 11. Ne5 Bxe2 12. Qxe2 Nxe5 13. Bxe5 Nd7 14. Bh2
Bd6 15. Bxd6 Qxd6 16. Qg4 e5 17. dxe5 Nxe5 18. Qe2 Rac8 19. Rad1 Qe6 20.
Nf3 Nc6 21. Rd2 Rfd8 22. Rfd1 h6 23. Qb5 b6 24. Qe2 Rb8 25. c4 d4 26. exd4
Qxe2 27. Rxe2 cxd4 28. Red2 a5 29. Nxd4 Ne5 30. f4 Ng6 31. Nc6 Rxd2 32.
Rxd2 Rc8 33. Rd6 Re8 34. g3 Re2 35. Nd4 Rd2 36. Nf5 Rxa2 37. Rxb6 h5 38.
Rb7 Rb2 39. Rb5 Nf8 40. Ne7+ Kh8 41. Rxh5+ Nh7 42. Rb5 Nf6 43. g4 g6 44.
Rxa5 Rxb3 45. Re5 Rxh3 46. Kg2 Rc3 47. c5 Nxg4 48. Rg5 Nf6 49. c6 Kg7 50.
Rb5 Kf8 51. Rb7 Ne8 { White forfeits on time } 0-1

[Event "ICC tourney 2541 (3 2)"]
[Site "Internet Chess Club"]
[Date "2021.04.30"]
[Round "7"]
[White "GAO, MATTHEW IAN:xcelswimmer"]
[Black "WANG, YUANZHE:yogokings12"]
[Result "1-0"]
[ICCResult "Black resigns"]
[WhiteElo "1918"]
[BlackElo "1592"]
[Opening "Grünfeld: 5.Bg5"]
[ECO "D91"]
[NIC "GI.08"]
[Time "21:45:47"]
[PlyCount "41"]
[TimeControl "180+2"]

1. d4 Nf6 2. c4 g6 3. Nc3 d5 4. Nf3 Bg7 5. Bg5 Ne4 6. Bf4 Nxc3 7. bxc3 dxc4
8. e3 b5 9. a4 c6 10. Be2 Bb7 11. Rb1 a6 12. Bxc4 O-O 13. O-O Qa5 14. Qb3
Nd7 15. Ng5 e6 16. Bxe6 fxe6 17. Qxe6+ Kh8 18. Qxd7 Qb6 19. Ne6 Rg8 20.
Nxg7 Rxg7 21. Be5 { Black resigns } 1-0

[Event "ICC tourney 2541 (3 2)"]
[Site "Internet Chess Club"]
[Date "2021.04.30"]
[Round "7"]
[White "SCHENK, SAM:SupaHotFiya"]
[Black "YU, AVERY:Averyyu321"]
[Result "1-0"]
[ICCResult "Black checkmated"]
[WhiteElo "1950"]
[BlackElo "1671"]
[Opening "Queen's pawn game"]
[ECO "D00"]
[NIC "QP.08"]
[Time "21:45:38"]
[PlyCount "41"]
[TimeControl "180+2"]

1. d4 d5 2. e3 e6 3. f4 Nf6 4. Nf3 c5 5. c3 Nc6 6. Bd3 b6 7. O-O Bb7 8. Ne5
Be7 9. Nd2 O-O 10. Rf3 Nxe5 11. fxe5 Ne4 12. Rh3 h6 13. Qg4 Nxd2 14. Bxd2
Bg5 15. Rh5 cxd4 16. h4 dxe3 17. hxg5 exd2 18. gxh6 g5 19. Rxg5+ Kh8 20.
Rg7 Rg8 21. Rh7# { Black checkmated } 1-0

[Event "ICC tourney 2541 (3 2)"]
[Site "Internet Chess Club"]
[Date "2021.04.30"]
[Round "7"]
[White "GUSEINOV, GADIR:GGuseinov"]
[Black "CHAN, MATTHEW M:mmchan"]
[Result "1-0"]
[ICCResult "Black resigns"]
[WhiteElo "2715"]
[BlackElo "1891"]
[Opening "Scotch gambit"]
[ECO "C44"]
[NIC "SO.06"]
[Time "21:45:34"]
[PlyCount "49"]
[TimeControl "180+2"]

1. e4 e5 2. Nf3 Nc6 3. d4 exd4 4. Bc4 Bc5 5. Ng5 Ne5 6. Bxf7+ Nxf7 7. Nxf7
Kxf7 8. Qh5+ g6 9. Qxc5 Nf6 10. Qxd4 Nxe4 11. O-O d5 12. f3 Nf6 13. Bg5 c6
14. Kh1 h6 15. Bh4 Re8 16. Nc3 g5 17. Bg3 Qb6 18. Qd3 Kg7 19. Bf2 Qc7 20.
Bd4 Be6 21. f4 g4 22. f5 Bf7 23. Qd2 Rad8 24. Bxf6+ Kxf6 25. Qxh6+ { Black
resigns } 1-0

[Event "ICC tourney 2541 (3 2)"]
[Site "Internet Chess Club"]
[Date "2021.04.30"]
[Round "7"]
[White "FEHD, JODIE LYNN:spaceegg"]
[Black "BROWN, MADISON:USChessNinja"]
[Result "0-1"]
[ICCResult "White checkmated"]
[WhiteElo "1186"]
[BlackElo "1714"]
[Opening "Sicilian"]
[ECO "B50"]
[NIC "SI.01"]
[Time "21:45:40"]
[PlyCount "76"]
[TimeControl "180+2"]

1. e4 c5 2. Nf3 d6 3. Nc3 Nf6 4. h3 g6 5. d3 Bg7 6. g4 O-O 7. g5 Nfd7 8. h4
Nc6 9. Be2 Nde5 10. h5 Nxf3+ 11. Bxf3 Ne5 12. Be2 e6 13. hxg6 fxg6 14. Be3
b6 15. Qd2 Bb7 16. O-O-O d5 17. f4 d4 18. fxe5 dxe3 19. Qxe3 Bxe5 20. Nb5
Bf4 21. Qxf4 Rxf4 22. Kb1 a6 23. Nc3 b5 24. Rhg1 b4 25. Na4 Bc6 26. Nxc5
Qa5 27. Nxe6 Rf7 28. d4 b3 29. Bc4 bxa2+ 30. Ka1 Rb8 31. b3 Qb4 32. Nc5 a5
33. Bxf7+ Kxf7 34. Rgf1+ Kg7 35. Ne6+ Kg8 36. d5 Qc3+ 37. Kxa2 Qxc2+ 38.
Ka3 Qxb3# { White checkmated } 0-1

[Event "ICC tourney 2541 (3 2)"]
[Site "Internet Chess Club"]
[Date "2021.04.30"]
[Round "7"]
[White "KINGSLEY, PETER F:Saixua"]
[Black "ZILBERMINTZ, LEV:chessrex"]
[Result "0-1"]
[ICCResult "White checkmated"]
[WhiteElo "1447"]
[BlackElo "1855"]
[Opening "QP counter-gambit (elephant gambit)"]
[ECO "C40"]
[NIC "KP.10"]
[Time "21:45:41"]
[PlyCount "102"]
[TimeControl "180+2"]

1. e4 e5 2. Nf3 d5 3. Nxe5 dxe4 4. d4 Bd6 5. Qh5 g6 6. Qe2 Bxe5 7. dxe5 Qd4
8. Nc3 Qxe5 9. Qxe4 Qxe4+ 10. Nxe4 f5 11. Ng5 h6 12. Nf3 Nc6 13. Bb5 Ne7
14. Bf4 Nd5 15. Be5 O-O 16. Bxc6 bxc6 17. O-O-O Ba6 18. b3 Be2 19. Rd2 Bxf3
20. gxf3 Rfe8 21. f4 Rac8 22. c4 Nb6 23. Rhd1 Kf7 24. a4 a5 25. Bc3 Re4 26.
Bxa5 Rxf4 27. Bc3 Rf3 28. Kc2 Re8 29. a5 Nc8 30. Rd7+ Re7 31. a6 Rxf2+ 32.
Kb1 Rf3 33. Kb2 Rf2+ 34. Ka3 Rf3 35. Bb4 Rxd7 36. Rxd7+ Ke6 37. Rxc7 Nb6
38. Rb7 Nd7 39. a7 Rf1 40. Ka4 Ra1+ 41. Ba3 Nc5+ 42. Kb4 Nd3+ 43. Ka4 Nc5+
44. Kb4 Nd3+ 45. Kc3 Rxa3 46. Kxd3 f4 47. Ke4 g5 48. b4 f3 49. b5 f2 50.
bxc6 f1=Q 51. c7 Qxc4# { White checkmated } 0-1

[Event "ICC tourney 2541 (3 2)"]
[Site "Internet Chess Club"]
[Date "2021.04.30"]
[Round "7"]
[White "SLADE, THEODORE LUKE:MrNormalName"]
[Black "CARDOSO, CARLOS:cjcardoso"]
[Result "1-0"]
[ICCResult "Black resigns"]
[WhiteElo "2170"]
[BlackElo "1468"]
[Opening "QGD semi-Slav: 5.e3"]
[ECO "D45"]
[NIC "SL.08"]
[Time "21:45:54"]
[PlyCount "47"]
[TimeControl "180+2"]

1. d4 d5 2. c4 c6 3. Nc3 Nf6 4. e3 e6 5. Nf3 Be7 6. b3 O-O 7. Bd3 a5 8. O-O
h6 9. e4 dxe4 10. Nxe4 Nbd7 11. Qe2 c5 12. dxc5 Nxe4 13. Qxe4 Nf6 14. Qe3
Bxc5 15. Qxc5 Qxd3 16. Bb2 a4 17. Rad1 Qg6 18. Ne5 Qg5 19. Ba3 Re8 20. Qc7
axb3 21. Bc1 Qh5 22. axb3 Ng4 23. Nxg4 Qh4 24. Ne5 { Black resigns } 1-0

[Event "ICC tourney 2541 (3 2)"]
[Site "Internet Chess Club"]
[Date "2021.04.30"]
[Round "7"]
[White "ERARD, ERIC CHRISTIAN:eric-erard"]
[Black "POPILSKI, GIL:kurumania"]
[Result "0-1"]
[ICCResult "White checkmated"]
[WhiteElo "1695"]
[BlackElo "2514"]
[Opening "Petrov three knights game"]
[ECO "C42"]
[NIC "RG.01"]
[Time "21:46:12"]
[PlyCount "68"]
[TimeControl "180+2"]

1. e4 e5 2. Nf3 Nf6 3. Nc3 d6 4. Bc4 Be7 5. O-O O-O 6. d3 Bg4 7. h3 Bh5 8.
Be3 Nbd7 9. Qe2 Re8 10. g4 Bg6 11. Ng5 h6 12. Nf3 c6 13. Nh4 Bh7 14. Nf5
Nf8 15. Kh2 d5 16. exd5 cxd5 17. Bb5 d4 18. Bxh6 Bxf5 19. gxf5 gxh6 20.
Rg1+ Kh7 21. Bxe8 Qxe8 22. Ne4 N8d7 23. Rg2 Nxe4 24. Qxe4 Bg5 25. h4 Bf4+
26. Kh3 Nf6 27. Qxb7 Rb8 28. Qf3 Qd7 29. h5 Qxf5+ 30. Kh4 Bg5+ 31. Kg3 Bh4+
32. Kxh4 Qxf3 33. Rag1 Qxh5+ 34. Kg3 Rg8# { White checkmated } 0-1

[Event "ICC tourney 2541 (3 2)"]
[Site "Internet Chess Club"]
[Date "2021.04.30"]
[Round "7"]
[White "ZENG, CALEB:calebzeng"]
[Black "palani, mohnishkirupaa:chesswarriors12"]
[Result "0-1"]
[ICCResult "White checkmated"]
[WhiteElo "805"]
[BlackElo "1347"]
[Opening "Petrov: French attack"]
[ECO "C42"]
[NIC "RG.03"]
[Time "21:45:35"]
[PlyCount "124"]
[TimeControl "180+2"]

1. e4 e5 2. Nf3 Nf6 3. Nxe5 d6 4. Nf3 Nxe4 5. d3 Nf6 6. Be2 Be7 7. Nc3 Nc6
8. Be3 Be6 9. O-O Qd7 10. Bg5 O-O 11. Bxf6 Bxf6 12. d4 d5 13. Bb5 Rfe8 14.
Re1 a6 15. Bxc6 Qxc6 16. Qe2 Bg4 17. Qd3 Bxf3 18. gxf3 Re6 19. Re3 Rae8 20.
Rae1 Bg5 21. Rxe6 Rxe6 22. Rxe6 Qxe6 23. Qe2 Qxe2 24. Nxe2 Kf8 25. Kg2 Bf6
26. c3 Ke7 27. Kg3 Kd6 28. b4 b6 29. a4 c5 30. h4 cxb4 31. cxb4 Kc6 32. Kg4
Be7 33. Nf4 Bxb4 34. Nh5 f5+ 35. Kxf5 g6+ 36. Kg5 gxh5 37. Kxh5 Bf8 38. f4
Kd7 39. f5 Ke7 40. Kg5 Kf7 41. Kf4 b5 42. a5 Bb4 43. Ke3 Bxa5 44. Kd3 Kf6
45. Kc2 Kxf5 46. Kd3 Kg4 47. Ke3 Kxh4 48. Kf4 Be1 49. Ke5 Bxf2 50. Kxd5
Bxd4 51. Kxd4 a5 52. Kc5 a4 53. Kb4 Kg3 54. Ka3 h5 55. Kb4 h4 56. Ka3 h3
57. Kb4 h2 58. Ka3 h1=Q 59. Kb4 Qe4+ 60. Ka3 Qd3+ 61. Kb4 Qc4+ 62. Ka3 Qb3#
{ White checkmated } 0-1

[Event "ICC tourney 2541 (3 2)"]
[Site "Internet Chess Club"]
[Date "2021.04.30"]
[Round "7"]
[White "MARKOVIC, GORAN:Goran21"]
[Black "YE, LUKE SICONG:lukeye"]
[Result "1-0"]
[ICCResult "Black resigns"]
[WhiteElo "1995"]
[BlackElo "2075"]
[Opening "Sicilian: Najdorf, Lipnitzky attack"]
[ECO "B86"]
[NIC "SI.13"]
[Time "21:46:28"]
[PlyCount "65"]
[TimeControl "180+2"]

1. e4 c5 2. Nf3 d6 3. d4 cxd4 4. Nxd4 Nf6 5. Nc3 a6 6. Bc4 e6 7. Bb3 Nbd7
8. f4 Nc5 9. Qf3 Qc7 10. Be3 b5 11. f5 Nxb3 12. axb3 e5 13. Ndxb5 Qc6 14.
Na3 Bb7 15. O-O-O Rc8 16. Rhe1 Nxe4 17. Nd5 Nf6 18. Nxf6+ gxf6 19. Qe2 d5
20. g4 Bxa3 21. bxa3 O-O 22. Bh6 Rfd8 23. Rg1 Qc3 24. Kb1 Kh8 25. g5 fxg5
26. Rxg5 f6 27. Bg7+ Kg8 28. Bxf6+ Kf7 29. Bxe5 Qh3 30. Rg7+ Kf8 31. Bf6
Re8 32. Qd2 Qxf5 33. Qb4+ { Black resigns } 1-0

[Event "ICC tourney 2541 (3 2)"]
[Site "Internet Chess Club"]
[Date "2021.04.30"]
[Round "7"]
[White "Zimmerman, Kevin:blackjack721"]
[Black "SZERENCSY, IAN:iszerencsy"]
[Result "0-1"]
[ICCResult "White checkmated"]
[WhiteElo "1359"]
[BlackElo "1371"]
[Opening "French: advance, Paulsen attack"]
[ECO "B30"]
[NIC "SI.31"]
[Time "21:46:03"]
[PlyCount "58"]
[TimeControl "180+2"]

1. e4 c5 2. Nf3 Nc6 3. c3 e6 4. d4 d5 5. e5 Nge7 6. Bg5 h6 7. Bh4 g5 8.
Nxg5 hxg5 9. Bxg5 cxd4 10. cxd4 Rg8 11. Qh5 Nxd4 12. Bd3 Ndf5 13. Bf6 a6
14. O-O Qc7 15. Nc3 Bd7 16. Bxf5 Nxf5 17. Qh7 Rg6 18. Rac1 Qb6 19. h4 Qxb2
20. h5 Rh6 21. Qg8 Rxh5 22. g4 Nh6 23. Qh8 Rh3 24. Bg7 Ke7 25. Bxf8+ Rxf8
26. Qf6+ Ke8 27. Nxd5 exd5 28. Qd6 Rg8 29. Rc7 Rxg4# { White checkmated }
0-1

[Event "ICC tourney 2541 (3 2)"]
[Site "Internet Chess Club"]
[Date "2021.04.30"]
[Round "7"]
[White "KALYANRAMAN, NIKHIL:nikhilkalya"]
[Black "HIBBS, ROBERT:BotanicalKnight"]
[Result "1-0"]
[ICCResult "Black forfeits on time"]
[WhiteElo "1890"]
[BlackElo "1381"]
[Opening "Réti: King's Indian attack (Barcza system)"]
[ECO "A07"]
[NIC "QP.09"]
[Time "21:45:45"]
[PlyCount "71"]
[TimeControl "180+2"]

1. Nf3 d5 2. g3 f5 3. Bg2 e6 4. O-O Nf6 5. d4 Be7 6. Ne5 O-O 7. c4 c6 8.
Nc3 Nbd7 9. cxd5 exd5 10. Qb3 Nxe5 11. dxe5 Nd7 12. f4 Nc5 13. Qc2 Ne4 14.
Nxe4 fxe4 15. Qb3 Qb6+ 16. Qxb6 axb6 17. Be3 c5 18. a3 d4 19. Bf2 e3 20.
Be1 Ra7 21. b4 Be6 22. Be4 Rfa8 23. f5 Bc4 24. Bf3 Rxa3 25. Rxa3 Rxa3 26.
bxc5 Bxc5 27. Bxb7 d3 28. exd3 e2+ 29. Rf2 Bxd3 30. e6 Ra1 31. Kg2 Bxf2 32.
Kxf2 Kf8 33. Bb4+ Ke8 34. Bc6+ Kd8 35. e7+ Kc7 36. e8=Q { Black forfeits on
time } 1-0

[Event "ICC tourney 2541 (3 2)"]
[Site "Internet Chess Club"]
[Date "2021.04.30"]
[Round "7"]
[White "MYSORE, ABHINAV NAVEEN:Mapking1"]
[Black "BERKLEY, DARRIN K:drberkley"]
[Result "0-1"]
[ICCResult "White forfeits on time"]
[WhiteElo "1999"]
[BlackElo "1846"]
[Opening "King's pawn opening"]
[ECO "B07"]
[NIC "VO.17"]
[Time "21:45:53"]
[PlyCount "48"]
[TimeControl "180+2"]

1. e4 d6 2. Nf3 Nf6 3. Nc3 g6 4. g3 Bg7 5. Bg2 O-O 6. O-O Nc6 7. Re1 e5 8.
d3 Ne7 9. d4 Nd7 10. dxe5 Nxe5 11. Bg5 c6 12. Nxe5 Bxe5 13. f4 Bg7 14. Bxe7
Qxe7 15. Qd2 Be6 16. Rad1 Rfd8 17. f5 Bc4 18. b3 Ba6 19. Ne2 d5 20. fxg6
hxg6 21. Qe3 Qa3 22. exd5 Re8 23. Qf2 Rad8 24. Nc1 Qb2 { White forfeits on
time } 0-1

[Event "ICC tourney 2541 (3 2)"]
[Site "Internet Chess Club"]
[Date "2021.04.30"]
[Round "7"]
[White "Aimdilokwong, Alec Daniel:Alec-hine"]
[Black "NI, BRANDON:chessbn"]
[Result "1-0"]
[ICCResult "Black resigns"]
[WhiteElo "1666"]
[BlackElo "1930"]
[Opening "QGD Slav defense: exchange variation"]
[ECO "D13"]
[NIC "SL.01"]
[Time "21:46:05"]
[PlyCount "57"]
[TimeControl "180+2"]

1. d4 d5 2. c4 c6 3. cxd5 cxd5 4. Nf3 Nc6 5. Nc3 Nf6 6. Bf4 Bg4 7. e3 e6 8.
Be2 Bd6 9. Bxd6 Qxd6 10. O-O O-O 11. Nd2 Bf5 12. Nb3 a6 13. Nc5 b6 14. Nxa6
Rfc8 15. a3 Ne4 16. Nxe4 dxe4 17. Qb3 Na5 18. Qb4 Qd7 19. Qxb6 Nc6 20. Rfc1
e5 21. Bb5 Qe7 22. Bxc6 Ra7 23. Bxe4 Rxc1+ 24. Rxc1 Be6 25. Qb8+ Qf8 26.
Qxa7 exd4 27. Qa8 dxe3 28. Qxf8+ Kxf8 29. fxe3 { Black resigns } 1-0

[Event "ICC tourney 2541 (3 2)"]
[Site "Internet Chess Club"]
[Date "2021.04.30"]
[Round "7"]
[White "Son, Aven Christopher:ason451"]
[Black "BOYINEPALLY, KIRAN:BoyinK-99"]
[Result "1-0"]
[ICCResult "Black forfeits on time"]
[WhiteElo "330"]
[BlackElo "1673"]
[Opening "Ruy Lopez: Berlin defense"]
[ECO "C65"]
[NIC "RL.07"]
[Time "21:45:38"]
[PlyCount "61"]
[TimeControl "180+2"]

1. e4 e5 2. Nf3 Nc6 3. Bb5 Nf6 4. d3 Bc5 5. Bg5 h6 6. Bxf6 Qxf6 7. Nc3 Nd4
8. Nd5 Nxf3+ 9. Qxf3 Qxf3 10. gxf3 Bd6 11. Bc4 c6 12. Ne3 b5 13. Bb3 a5 14.
a4 b4 15. Nf5 Bf8 16. Rg1 g6 17. Ne3 d6 18. Nc4 Be6 19. Ke2 g5 20. Ke3 f6
21. Rad1 d5 22. exd5 cxd5 23. Nd2 Bc5+ 24. Ke2 Ke7 25. c3 Rac8 26. Ra1 Bd6
27. cxb4 Bxb4 28. Rgc1 Kd6 29. Rd1 h5 30. Kf1 g4 31. Kg2 { Black forfeits
on time } 1-0

[Event "ICC tourney 2541 (3 2)"]
[Site "Internet Chess Club"]
[Date "2021.04.30"]
[Round "7"]
[White "WILLY, STEPHEN:stephenwilly"]
[Black "ZHOU, VANESSA G:vanessa4play"]
[Result "0-1"]
[ICCResult "White checkmated"]
[WhiteElo "1460"]
[BlackElo "1352"]
[Opening "French defense, Steiner variation"]
[ECO "C00"]
[NIC "FR.01"]
[Time "21:46:11"]
[PlyCount "142"]
[TimeControl "180+2"]

1. e4 e6 2. c4 d5 3. cxd5 exd5 4. exd5 Nf6 5. Nc3 Nxd5 6. Nf3 Nxc3 7. bxc3
Nc6 8. Bc4 Qe7+ 9. Qe2 Qxe2+ 10. Bxe2 Bf5 11. O-O Bd6 12. d4 O-O 13. Be3
Rfe8 14. Rad1 Rad8 15. Bd3 Bxd3 16. Rxd3 g6 17. Rdd1 Kg7 18. Rb1 b6 19. h3
Na5 20. Bg5 f6 21. Bh4 g5 22. Bg3 Bxg3 23. fxg3 Nc4 24. Rfe1 h5 25. Kf2 Kg6
26. Rxe8 Rxe8 27. Re1 Rxe1 28. Kxe1 Ne3 29. Kf2 Nd1+ 30. Ke1 Nxc3 31. a3
Nb5 32. a4 Nc3 33. Kd2 Nxa4 34. Kd3 b5 35. Nd2 Nb6 36. Ne4 Kf5 37. Nc5 a5
38. Na6 Nd5 39. Nc5 h4 40. gxh4 gxh4 41. Ke2 Kg6 42. Kf3 Kf5 43. g4+ hxg3
44. Kxg3 a4 45. h4 a3 46. h5 a2 47. Nb3 Ne3 48. h6 Kg6 49. Kf4 Nc2 50. d5
a1=Q 51. Nxa1 Nxa1 52. h7 Kxh7 53. Kf5 Kg7 54. Ke6 b4 55. Kd7 b3 56. Kxc7
b2 57. d6 b1=Q 58. d7 Qd3 59. d8=Q Qxd8+ 60. Kxd8 f5 61. Kd7 f4 62. Kd6 f3
63. Ke5 f2 64. Kd4 f1=Q 65. Ke3 Kf6 66. Kd2 Qf3 67. Ke1 Qg2 68. Kd1 Ke5 69.
Ke1 Ke4 70. Kd1 Kd3 71. Kc1 Qc2# { White checkmated } 0-1

[Event "ICC tourney 2541 (3 2)"]
[Site "Internet Chess Club"]
[Date "2021.04.30"]
[Round "7"]
[White "VAKHIDOV, JAKHONGIR:TjkTiger"]
[Black "LEVIN, EVGENY A:Assured"]
[Result "0-1"]
[ICCResult "White resigns"]
[WhiteElo "2603"]
[BlackElo "2586"]
[Opening "English: Mikenas-Carls variation"]
[ECO "A18"]
[NIC "EO.57"]
[Time "21:45:41"]
[PlyCount "116"]
[TimeControl "180+2"]

1. c4 Nf6 2. Nc3 e6 3. e4 d5 4. cxd5 exd5 5. e5 Ne4 6. Nf3 Bf5 7. d3 Nxc3
8. bxc3 c5 9. d4 Qa5 10. Bd2 Nc6 11. c4 Qd8 12. Qb3 Be4 13. Qxb7 Rc8 14.
Ng5 Be7 15. Nxe4 dxe4 16. d5 Nxe5 17. Qb5+ Qd7 18. Rb1 Qxb5 19. Rxb5 Kd7
20. Bc3 Bd6 21. Ra5 Rc7 22. Be2 Rb8 23. Kd2 Rb6 24. Kc2 f5 25. h4 g6 26. f3
exf3 27. gxf3 Nf7 28. h5 Kc8 29. hxg6 hxg6 30. Rg1 Be5 31. Bxe5 Nxe5 32. f4
Nf7 33. Bd3 Kb7 34. a4 a6 35. Kc3 Ka7 36. Re1 Nd8 37. Rxc5 Rxc5 38. Kd4 Nb7
39. Re7 Ra5 40. Ke5 Rb3 41. Kd4 Rxa4 42. Bc2 Rbb4 43. Bxa4 Rxa4 44. d6 Kb6
45. Kd5 Ra1 46. d7 Rd1+ 47. Ke6 Nc5+ 48. Kf6 Rxd7 49. Re1 Rd6+ 50. Kg7 Re6
51. Rb1+ Kc6 52. Kf7 a5 53. Ra1 a4 54. Rxa4 Nxa4 55. Kxe6 Nb6 56. Kf6 Nxc4
57. Kxg6 Ne3 58. Kf6 Kd5 { White resigns } 0-1

[Event "ICC tourney 2541 (3 2)"]
[Site "Internet Chess Club"]
[Date "2021.04.30"]
[Round "7"]
[White "BELOUS, VLADIMIR:Openyagami"]
[Black "ALEKSANDROV, ALEKSEJ:Aleksandrov73"]
[Result "1-0"]
[ICCResult "Black forfeits on time"]
[WhiteElo "2602"]
[BlackElo "2623"]
[Opening "English: Neo-Catalan accepted"]
[ECO "A13"]
[NIC "RE.10"]
[Time "21:49:06"]
[PlyCount "95"]
[TimeControl "180+2"]

1. Nf3 Nf6 2. c4 e6 3. g3 d5 4. Bg2 dxc4 5. Qa4+ Nbd7 6. Qxc4 c5 7. Qb3 Rb8
8. d3 Bd6 9. a4 b6 10. Nfd2 Bc7 11. Nc4 a6 12. Nc3 Bb7 13. Bxb7 Rxb7 14.
O-O Rb8 15. h3 O-O 16. Bg5 h6 17. Bxf6 Nxf6 18. Ne3 Qd4 19. Kg2 Rfd8 20.
Qc4 Be5 21. Qxa6 Nh5 22. Nc4 Bc7 23. Qb5 Rdc8 24. Rad1 Qf6 25. Qd7 Qg6 26.
Nd6 Bxd6 27. Qxd6 f5 28. Qe5 Rd8 29. e3 Kh7 30. d4 cxd4 31. Rxd4 Rxd4 32.
Qxd4 Nf6 33. Qe5 Re8 34. Rd1 Qf7 35. Rd6 Qb7+ 36. Kg1 Qb8 37. Qd4 e5 38.
Qxb6 Qa8 39. Qc6 Qb8 40. a5 Rc8 41. Qb6 Qa8 42. a6 Rb8 43. Qc6 Qa7 44. Nb5
Rxb5 45. Qxb5 Ne4 46. Rd1 Qf7 47. Ra1 Qh5 48. a7 { Black forfeits on time }
1-0

[Event "ICC tourney 2541 (3 2)"]
[Site "Internet Chess Club"]
[Date "2021.04.30"]
[Round "8"]
[White "ZHOU, VANESSA G:vanessa4play"]
[Black "KINGSLEY, PETER F:Saixua"]
[Result "0-1"]
[ICCResult "White resigns"]
[WhiteElo "1352"]
[BlackElo "1447"]
[Opening "Sicilian: Alapin's variation (2.c3)"]
[ECO "B22"]
[NIC "SI.46"]
[Time "21:59:19"]
[PlyCount "47"]
[TimeControl "180+2"]

1. e4 c5 2. c3 g6 3. d4 cxd4 4. cxd4 Bg7 5. Nc3 Nc6 6. Nf3 d6 7. Bc4 Nf6 8.
O-O e6 9. Be3 O-O 10. h3 Nxe4 11. Nxe4 d5 12. Bd3 dxe4 13. Bxe4 Ne7 14. Rc1
Nf5 15. b3 Qa5 16. Qc2 Nxe3 17. fxe3 Rb8 18. Qc7 Qxc7 19. Rxc7 a6 20. Rfc1
Bh6 21. Kf2 f5 22. Bd3 f4 23. exf4 Bxf4 24. Re7 { White resigns } 0-1

[Event "ICC tourney 2541 (3 2)"]
[Site "Internet Chess Club"]
[Date "2021.04.30"]
[Round "8"]
[White "HIBBS, ROBERT:BotanicalKnight"]
[Black "MYSORE, ABHINAV NAVEEN:Mapking1"]
[Result "0-1"]
[ICCResult "White resigns"]
[WhiteElo "1381"]
[BlackElo "1999"]
[Opening "Sicilian: Grand Prix attack"]
[ECO "B23"]
[NIC "SI.44"]
[Time "21:59:34"]
[PlyCount "49"]
[TimeControl "180+2"]

1. e4 c5 2. Nc3 Nc6 3. f4 g6 4. Nf3 Bg7 5. d3 e6 6. g3 Nge7 7. Bg2 a6 8.
O-O O-O 9. a3 d5 10. e5 b5 11. Rb1 Bb7 12. h3 f6 13. exf6 Bxf6 14. g4 Qd7
15. g5 Bg7 16. Ne2 Nf5 17. Qe1 Ncd4 18. Nexd4 Nxd4 19. c3 Nf5 20. Nh4 Nxh4
21. Qxh4 d4 22. Be4 Bd5 23. Re1 dxc3 24. bxc3 Bxc3 25. Bb2 { White resigns
} 0-1

[Event "ICC tourney 2541 (3 2)"]
[Site "Internet Chess Club"]
[Date "2021.04.30"]
[Round "8"]
[White "YU, AVERY:Averyyu321"]
[Black "Son, Aven Christopher:ason451"]
[Result "1-0"]
[ICCResult "Black resigns"]
[WhiteElo "1671"]
[BlackElo "330"]
[Opening "King's pawn game"]
[ECO "C50"]
[NIC "IG.03"]
[Time "21:59:32"]
[PlyCount "35"]
[TimeControl "180+2"]

1. e4 e5 2. Nf3 Nc6 3. Bc4 d6 4. d3 Bg4 5. h3 Bh5 6. c3 Qf6 7. Nbd2 Nh6 8.
O-O Be7 9. Qb3 b6 10. Bb5 O-O 11. Bxc6 a5 12. Bxa8 Rxa8 13. a4 Qg6 14. Re1
Ng4 15. hxg4 Bxg4 16. Qd1 Bh3 17. g3 Bh4 18. Nxh4 { Black resigns } 1-0